 Dungeon Crawl Stone Soup version 0.27.1-33-g824d729ab1 (webtiles) character file.

Game seed: 9949013108057039305

44 humanwaffle the Grave Robber (level 3, -5/31 HPs)
             Began as a Deep Dwarf Necromancer on Dec 13, 2021.
             Slain by an orc wizard (10 damage)
             ... on level 3 of the Dungeon on Dec 14, 2021.
             The game lasted 00:11:08 (1956 turns).

humanwaffle the Grave Robber (DDNe)                 Turns: 1956, Time: 00:11:08

Health: -5/31      AC:  4    Str: 12    XL:     3   Next: 39%
Magic:  3/6        EV: 12    Int: 15    God:
Gold:   140        SH:  0    Dex: 13    Spells: 2/6 levels left

rFire    . . .     SeeInvis .   n - +0 mace
rCold    . . .     Faith    .   (no shield)
rNeg     . . .     Spirit   .   f - +0 leather armour
rPois    .         Reflect  .   e - +0 helmet
rElec    .         Harm     .   (no cloak)
rCorr    .         Rampage  .   (no gloves)
Will     .....                  (no boots)
Stlth    ++........             (no amulet)
HPRegen  0.00/turn              (no ring)
MPRegen  0.10/turn              (no ring)

@: no status effects
A: damage resistance, heal wounds, sense surroundings 1, no regeneration
a: Heal Wounds


You were on level 3 of the Dungeon.
You visited 1 branch of the dungeon, and saw 3 of its levels.

You collected 140 gold pieces.

Inventory:

Hand Weapons
 n - a +0 mace (weapon)
Armour
 c - a +1 scale mail of fire resistance
 e - a +0 helmet (worn)
 f - a +0 leather armour (worn)
Jewellery
 i - a ring of flight
Scrolls
 b - a scroll of acquirement {unknown}
 d - a scroll of enchant armour {unknown}
 g - 2 scrolls of identify {unknown}
 m - a scroll of fear {unknown}
Potions
 a - a potion of brilliance {unknown}
 j - a potion of resistance {unknown}
 k - 5 potions of heal wounds {unknown}
 l - a potion of berserk rage {unknown}


   Skills:
 + Level 1.1 Fighting
 + Level 1.4 Armour
 - Level 2.1 Dodging
 - Level 2.4 Stealth
 + Level 2.2 Spellcasting
 + Level 4.8 Necromancy


You had 2 spell levels left.
You knew the following spells:

 Your Spells              Type           Power      Damage    Failure   Level
a - Pain                  Necr           64%        1d7       3%          1
b - Vampiric Draining     Necr           8%         2d7       12%         3

Your spell library contained the following spells:

 Spells                   Type           Power      Damage    Failure   Level
 Animate Skeleton         Necr           32%        N/A       3%          1
 Shock                    Conj/Air       4%         1d3       28%         1
 Animate Dead             Necr           8%         N/A       36%         4
 Ozocubu's Armour         Ice            1%         N/A       63%         3
 Agony                    Necr           16%        N/A       71%         5
 Ozocubu's Refrigeration  Ice            0%         4d5       100%        7


Dungeon Overview and Level Annotations

Branches:
Dungeon (3/15)

Altars:


Innate Abilities, Weirdness & Mutations

You are resistant to damage.
You can heal yourself by infusing magical energy.
You passively map a small area around you.
You do not regenerate.


Message History

Press: ? - help, Shift-Dir - straight line, f/p - orc
Aim: an orc, wielding a +0 flail and wearing a +0 scale mail (chance to affect: 87%)
The orc writhes in agony.
The orc hits you with a +0 flail.
Unknown command.
You completely miss the orc.
The orc is almost dead.
The orc barely misses you.
You hit the orc but do no damage.
The orc is almost dead.
The orc hits you with a +0 flail. x2
You hit the orc.
You kill the orc!
Casting: Pain (safe; 3% risk of failure)
Confirm with . or Enter, or press ? or * to list all spells.
Aiming: Pain (safe; 3% risk of failure)
Press: ? - help, Shift-Dir - straight line, f - orc
Aim: an orc, wielding a +0 falchion (chance to affect: 87%)
Something writhes in agony.
Something hits you.
Casting: Pain (safe; 3% risk of failure)
Confirm with . or Enter, or press ? or * to list all spells.
Aiming: Pain (safe; 3% risk of failure)
Press: ? - help, Shift-Dir - straight line, f/p - orc
Aim: an orc, wielding a +0 falchion (chance to affect: 87%) Nothing appears to happen.
Something hits you.
You hear some strange, mumbled words.
A puff of flame appears from out of thin air!
The puff of flame hits you!
You hear some strange, mumbled words.
You are confused.
You're too confused to move!
A magic dart appears from out of thin air!
The magic dart hits you.
* * * LOW HITPOINT WARNING * * *
You bump into the rock wall.
You bump into the rock wall.
You bump into the rock wall.
You bump into the rock wall.
You feel less confused. Something hits you but does no damage.
You are electrocuted!
You die...

#.#.........### *
#.########....# #.# #....# #.#
#....# # #.# #....# # #.# #....#
# #.# ##.### #
#.#########.####################
#............o{@................
###########o####################
#..{o.# .. #####.# * ** ..## #.#
, , ...... #o# **.# ... #)# *
#.. #o# * * ##. #.# *, *##


You could see an orc priest and an orc.

Vanquished Creatures
  2 worms (D:2)
  2 orcs (D:3)
  5 ball pythons
  5 endoplasms
  3 giant cockroaches
  4 hobgoblins
  A kobold (D:1)
  A quokka (D:3)
  4 bats
  3 frilled lizards
  A goblin (D:2)
  A rat (D:2)
32 creatures vanquished.

Vanquished Creatures (others)
  2 fungi (D:1)
2 creatures vanquished.

Grand Total: 34 creatures vanquished

Notes
Turn   | Place    | Note
-------+----------+-------------------------------------------
     0 | D:1      | humanwaffle the Deep Dwarf Necromancer began the quest for
                  | the Orb.
     0 | D:1      | Reached XP level 1. HP: 15/15 MP: 3/3
   321 | D:1      | Reached XP level 2. HP: 14/24 MP: 1/4
   409 | D:1      | Found a faded altar of an unknown god.
   416 | D:1      | Got Plato's Tome of Feathers
   665 | D:2      | Reached skill level 1 in Armour
  1122 | D:2      | Reached skill level 1 in Fighting
  1329 | D:2      | Reached XP level 3. HP: 9/31 MP: 0/6
  1389 | D:2      | Learned a level 3 spell: Vampiric Draining
  1956 | D:3      | Slain by an orc wizard

Illustrated notes

Levels and vault maps discovered:
D:1:      minmay_arrival_four_houses, layout_rooms,
          shapermc_ecumenical_altar_rom_forum
D:2:      layout_loops_ring, minmay_octomino_e4
D:3:      layout_basic, chequers_temple_overflow_statue_of_worship, minivault_19

Skill      XL: |  1  2 |
---------------+-------+-----
Spellcasting   | 2 |  2.2
Armour         | 1 |  1.4
Fighting       | 1 |  1.1
Dodging        | |  2.1
Stealth        | |  2.4
Necromancy     | |  4.8

Action                   || total
-------------------------++-------
Melee: Unarmed           ||    20
       Club              ||     9
       Mace              ||     9
 Cast: Pain              ||    71
 Abil: Heal Wounds       ||     2
Armor: Scale mail        ||    19
       Leather armour    ||     7
Dodge: Dodged            ||    37
